 Dungeon Crawl Stone Soup version 0.18-a0-1655-ge2d8d33 (webtiles) character file.

291 Oddball22 the Shield-Bearer (level 5, 0/46 HPs)
             Began as a Demigod Fighter on Mar 31, 2016.
             Succumbed to an orc wizard's poison
             ... on level 4 of the Dungeon.
             The game lasted 00:06:36 (3618 turns).

Oddball22 the Shield-Bearer (Demigod Fighter)       Turns: 3618, Time: 00:06:37

Health: 0/46       AC:  9    Str: 21    XL:     5   Next: 83%
Magic:  7/7        EV:  8    Int: 12    God:
Gold:   150        SH: 10    Dex: 15    Spells: 0 memorised, 4 levels left

rFire  . . .     SeeInvis .     v - +1 dagger (vamp)
rCold  . . .     Gourm    .     b - +0 scale mail
rNeg   . . .     Faith    .     c - +0 shield
rPois  .         Spirit   .     l - +1 helmet
rElec  .         Dismiss  .     (no cloak)
rCorr  .         Reflect  .     (no gloves)
SustAt +         Harm     +     (no boots)
MR     .....                    m - amulet of harm
Stlth  ..........               (no ring)
                                (no ring)

@: lethally poisoned (0 -> -11), slowed, very slow, not resistant to hostile
enchantments, extremely unstealthy
A: high mp 1, sustain attributes
a: no special abilities


You were on level 4 of the Dungeon.
You were not hungry.

You visited 1 branch of the dungeon, and saw 4 of its levels.

You collected 150 gold pieces.

Inventory:

Hand Weapons
 a - a +0 long sword
 v - a +1 vampiric dagger (weapon)
Missiles
 j - 24 bolts
 n - 24 bolts of frost
Armour
 b - a +0 scale mail (worn)
 c - a +0 shield (worn)
 l - a +1 helmet (worn)
Jewellery
 m - an amulet of harm (around neck)
Scrolls
 k - a scroll of random uselessness {unknown}
 q - 3 scrolls of identify {unknown}
 r - a scroll of teleportation {unknown}
 s - a scroll of blinking {unknown}
 t - a scroll of noise {unknown}
Potions
 e - a potion of curing
 g - a potion of lignification
 h - a potion of agility
 i - a potion of ambrosia {unknown}
 p - a potion of heal wounds {unknown}
Comestibles
 d - 4 chunks of flesh
 f - 3 bread rations
 o - a meat ration


   Skills:
 + Level 3.7 Fighting
 * Level 3.4 Long Blades
 + Level 3.5 Armour
 + Level 1.4 Dodging
 + Level 3.7 Shields


You had 4 spell levels left.
You didn't know any spells.

Dungeon Overview and Level Annotations

Branches:
Dungeon (4/15)
 Temple: D:4-7

Annotations:
D:4 Natasha


Innate Abilities, Weirdness & Mutations

You have an increased reservoir of magic (+10% MP).
Your attributes are resistant to harm.


Message History

You feel sick.
The orc wizard hits you but does no damage.
You are more poisoned.
The orc wizard hits you but does no damage.
You are more poisoned.
You feel sick. You block the orc wizard's attack.
The orc wizard casts a spell.
The orc wizard blinks!
The orc hits you but does no damage.
You feel sick. The ogre hits you with a giant club!
* * * LOW HITPOINT WARNING * * *
* * * LOW HITPOINT WARNING * * *
You feel sick.
The orc wizard casts a spell.
The orc wizard blinks!
* * * LOW HITPOINT WARNING * * *
You feel sick.
The orc wizard casts a spell.
The orc wizard blinks!
The orc hits you.
* * * LOW HITPOINT WARNING * * *
You die...

##..# #..# #..# #..# .
#..# . ##### #..# .
##...## ##..# .
##.....######...# .
#...##.@.o##....# .
##.#######O.ยง....####
##. ##.##
##.........###.. #.##
##......)...... ###
##....###.....
###.....# ##....
####.......# #....
###..........# #####
#...#####.....#


You could see an ogre and an orc.

Vanquished Creatures
  An orc wizard (D:3)
  Natasha (D:4)
  An iguana (D:4)
  2 worker ants (D:4)
  6 gnolls
  3 adders
  An adder skeleton (D:4)
  2 worms (D:3)
  A dart slug (D:3)
  2 giant geckos
  6 orcs
  4 giant cockroaches
  5 hobgoblins
  2 jackals (D:1)
  A ball python (D:1)
  6 bats
  2 giant newts
  8 goblins
  5 kobolds
  12 rats
71 creatures vanquished.

Notes
Turn   | Place    | Note
--------------------------------------------------------------
     0 | D:1      | Oddball22 the Demigod Fighter began the quest for the Orb.
     0 | D:1      | Reached XP level 1. HP: 18/18 MP: 3/3
   240 | D:1      | Reached XP level 2. HP: 26/26 MP: 4/4
   676 | D:1      | You fall through a shaft!
   827 | D:1      | Reached XP level 3. HP: 23/31 MP: 5/5
  1709 | D:2      | Found a glowing golden altar of the Shining One.
  1709 | D:2      | Found a sacrificial altar of Ru.
  2232 | D:3      | Found a glowing golden altar of the Shining One.
  2238 | D:3      | Reached XP level 4. HP: 38/38 MP: 6/6
  2250 | D:3      | Reached skill level 1 in Dodging
  2415 | D:3      | Found a deep blue altar of Sif Muna.
  2832 | D:3      | Reached XP level 5. HP: 15/45 MP: 7/7
  3229 | D:4      | Noticed Natasha
  3230 | D:4      | Found a radiant altar of Vehumet.
  3259 | D:4      | Killed Natasha
  3291 | D:4      | Noticed Natasha
  3599 | D:4      | Noticed an ogre
  3617 | D:4      | HP: 2/46 [poisoned by an orc wizard]
  3618 | D:4      | Succumbed to an orc wizard's poison

Vault maps used:
D:1:      dpeg_arrival_morbid_curiosity
D:2:      gammafunk_temple_overflow_statue
D:3:      lemuel_blue_sif_altar, tso_metal_star
D:4:      grunt_qazlal_clouds, vehumet_crystals, first_bread, uniq_natasha

Skill      XL: |  1  2  3  4 |
---------------+-------------+-----
Long Blades    | 2 3 |  3.4
Fighting       | 3 |  3.7
Shields        | 3 |  3.7
Armour         | 3 |  3.5
Dodging        | 1 |  1.4

Action                   |  1- 3 |  4- 6 || total
-------------------------+-------+-------++-------
Melee: Long sword        |   144 |   129 ||   273
       Dagger            |       |    50 ||    50
  Use: Potion            |       |     4 ||     4
  Eat: Chunk             |     4 |     3 ||     7
       Bread ration      |       |     2 ||     2
